cohdb
Replays
Latest Replays
All Replays
Popular Replays
Top Player Replays
Match Explorer
How It Works
Community
CoH3 Stats
Reddit
Sign in to upload your games and track your stats! →
Sign in with Steam
Match 44298843
Unlisted
Match 44298843
Overview
Messages
Build Orders
End
Scout Squad
Selects Armored Battlegroup
Selects Veteran Crews
Construct Barracks
1⁄4-ton 4x4 Truck
Riflemen Squad
Riflemen Squad
Grenade Package
Infantry Support Center
Construct Medical Station
Selects Fast Deploy
M1 Mortar Team
Construct Motor Pool
M1 Anti-tank Gun Team
M8 Greyhound Armored Car
Riflemen Squad
Selects M8 Scott SPG
Engineer Squad
M8 Greyhound Armored Car
M24 Chaffee Light Tank
M1 Anti-tank Gun Team
M1 Anti-tank Gun Team
M1918 Browning Automatic Rifles
Selects M4A3E8 Sherman Combat Group
M4A3E8 Sherman Combat Group
M4A3E8 Sherman Combat Group
Captain Retinue
Selects M31 Recovery Vehicle
M31 Recovery Vehicle
Selects War Machine
Construct Weapon Support Center
M1 Anti-tank Gun Team
woof_raff
_Nemez_
Hepa
Cyber VietCong
0
0
Comments
sign in to comment!
No comments posted yet!